 Dungeon Crawl Stone Soup version 0.22-a0-183-g9e71ff9 (webtiles) character file.

1 sunny1234 the Sneak (level 1, 9/9 HPs)
             Began as a Spriggan Fire Elementalist on Feb 15, 2018.
             Quit the game on level 1 of the Dungeon.
             The game lasted 00:00:12 (20 turns).

sunny1234 the Sneak (Spriggan Fire Elementalist)      Turns: 20, Time: 00:00:13

Health: 9/9        AC:  2    Str:  4    XL:     1   Next: 16%
Magic:  3/5        EV: 18    Int: 16    God:
Gold:   0          SH:  0    Dex: 16    Spells: 4/5 levels left

rFire    . . .     SeeInvis +   (weapon restricted)
rCold    . . .     Gourm    .   (shield restricted)
rNeg     . . .     Faith    .   a - +0 robe
rPois    .         Spirit   .   (helmet restricted)
rElec    .         Reflect  .   (no cloak)
rCorr    .         Harm     .   (gloves unavailable)
MR       .....                  (boots unavailable)
Stlth    ++........             (no amulet)
HPRegen  0.03/turn              (no ring)
MPRegen  0.09/turn              (no ring)

@: very quick
A: very small, unfitting armour, see invisible, herbivore, speed 3, slow
metabolism 2
a: no special abilities


You were on level 1 of the Dungeon.
You were not hungry.

You visited 1 branch of the dungeon, and saw 1 of its levels.

Inventory:

Armour
 a - a +0 robe (worn)
Books
 b - a book of Flames

   Spells                             Type                      Level
   a - Flame Tongue                   Conjuration/Fire             1
   b - Throw Flame                    Conjuration/Fire             2
   c - Conjure Flame                  Conjuration/Fire             3
   d - Inner Flame                    Hexes/Fire                   3
   e - Sticky Flame                   Conjuration/Fire             4
   f - Fireball                       Conjuration/Fire             5
Comestibles
 c - a ration


   Skills:
 + Level 3.0 Dodging
 + Level 3.0 Stealth
 + Level 2.7 Spellcasting
 + Level 0.6 Conjurations
 + Level 2.4 Fire Magic


You had 4 spell levels left.
You knew the following spells:

 Your Spells              Type           Power        Failure   Level  Hunger
a - Flame Tongue          Conj/Fire      #....        11%         1    #......


Dungeon Overview and Level Annotations

Branches:
Dungeon (1/15)

Altars:


Innate Abilities, Weirdness & Mutations

You are very small and have problems with some larger weapons.
You are too small for most types of armour.
You have supernaturally acute eyesight. (SInv)
You are a herbivore.
You cover ground extremely quickly.
You need consume almost no food.


Message History

Aiming: Flame Tongue (safe; 11% risk of failure)
Press: ? - help, Shift-Dir - straight line, f - goblin
Aim: a goblin, wielding a dagger The flame tongue hits the goblin.
The goblin is severely wounded.
The goblin misses you.
Casting: Flame Tongue (safe; 11% risk of failure)
Confirm with . or Enter, or press ? or * to list all spells.
Aiming: Flame Tongue (safe; 11% risk of failure)
Press: ? - help, Shift-Dir - straight line, f/p - goblin
Aim: a goblin, wielding a dagger (severely wounded)
The flame tongue hits the goblin.
You kill the goblin!
There are no items here.
Unknown command.
Casting: Flame Tongue (safe; 11% risk of failure)
Confirm with . or Enter, or press ? or * to list all spells.
You don't know that spell.
Unknown command.
Are you sure you want to abandon this character and quit the game? (Confirm with "yes".)

#.#...≈≈..#
#...#.....≈≈≈.#
#....≈≈....≈≈.##
#....≈≈≈≈..≈.≈.#
#...≈≈≈≈≈≈....##
#.≈≈≈≈≈≈≈≈..###
#.≈≈≈≈≈≈≈≈..#.#
#[≈≈≈...≈.≈.#)#
#≈≈≈.≈<≈.≈≈≈@#
#≈≈.≈≈..≈≈≈.##
#..≈≈≈≈≈≈≈≈.#
##≈≈≈≈≈≈≈≈≈.#
#..≈≈≈≈.≈...#
#...≈≈≈≈≈.#.##
#.....≈.≈≈.##.#
#.#...≈..≈.. ##
.#...#..≈..


There were no monsters in sight!

Vanquished Creatures
  A goblin (D:1)
1 creature vanquished.

Notes
Turn   | Place    | Note
-------+----------+-------------------------------------------
     0 | D:1      | sunny1234 the Spriggan Fire Elementalist began the quest for the Orb.
     0 | D:1      | Reached XP level 1. HP: 9/9 MP: 5/5
    20 | D:1      | Quit the game

Vault maps used:
D:1:      dpeg_arrival_subterranean_lakeside_camping

Action                   || total
-------------------------++-------
 Cast: Flame Tongue      ||     2
Dodge: Dodged            ||     1

Table legend:
 A = Spawn XP
 B = Non-spawn XP
 C = Spawn XP percentage of total XP
 D = Spawn monster count
 E = Non-spawn monster count
 F = Spawn count percentage of total count
 G = Total turns spent on level
                    A         B        C        D         E        F      G
               +---------+---------+-------+---------+---------+-------+---------
         Total |       0 |       2 |   0.0 |       0 |       1 |   0.0 |    20
               +---------+---------+-------+---------+---------+-------+---------
           D:1 |       0 |       2 |   0.0 |       0 |       1 |   0.0 |    20
               +---------+---------+-------+---------+---------+-------+---------
